 Dungeon Sprint DCSS version 0.17-a0-1056-g838d5c0 (webtiles) character file.

2900000 Vrock the Middleweight Champion (level 22, -1/169 HPs)
             Began as a Gargoyle Gladiator on May 16, 2015.
             Was the Champion of Makhleb.
             Slain by a meat berserker
             ... wielding a +9 battleaxe
              (69 damage)
             ... in the Dungeon (Sprint VIII: "Arena of Blood").
             The game lasted 00:02:26 (29 turns).

Vrock the Middleweight Champion (Gargoyle Gladiator)  Turns: 29, Time: 00:02:26

Health: -1/169     AC: 25    Str: 28    XL:     22   Next: 89%
Magic:  22/51      EV: 24    Int: 10    God:    Makhleb [******]
Gold:   0          SH:  0    Dex: 10    Spells: 0 memorised, 71 levels left

rFire  . . .     SeeInvis .     k - +∞ Axe of Woe
rCold  . . .     Clarity  .     a - +0 leather armour
rNeg   + . .     SustAb   .     (no shield)
rPois  ∞         Gourm    .     b - +0 helmet
rElec  +         Spirit   .     (no cloak)
rCorr  .         Warding  .     (no gloves)
rMut   .         NoTele   +     (no boots)
MR     +....                    (no amulet)
Stlth  +++++++++.               (no ring)
                                (no ring)

@: somewhat resistant to hostile enchantments, incredibly stealthy
A: big wings, negative energy resistance 1, electricity resistance, unbreathing,
petrification resistance, rot immunity, AC +16
a: Fly, Minor Destruction, Lesser Servant of Makhleb, Major Destruction, Greater
Servant of Makhleb, Renounce Religion


You were in the Dungeon.
You worshipped Makhleb.
Makhleb was exalted by your worship.
You were not hungry.

You visited 1 branch

Inventory:

Hand weapons
 k - the +∞ Axe of Woe (weapon)
   (You found it in the Dungeon)
Missiles
 c - 3 throwing nets (quivered)
Armour
 a - a +0 leather armour (worn)
 b - a +0 helmet (worn)
Scrolls
 j - a scroll of blinking
Potions
 e - a potion of curing
 f - a potion of heal wounds
 g - a potion of haste
 h - 2 potions of magic
 i - a potion of berserk rage
Comestibles
 d - a bread ration


   Skills:
 O Level 27 Fighting
 O Level 27 Axes
 O Level 27 Throwing
 O Level 27 Armour
 O Level 27 Dodging
 O Level 27 Stealth
 O Level 27 Unarmed Combat
 + Level 25.1 Spellcasting
 O Level 27 Invocations


You had 71 spell levels left.
You didn't know any spells.

Dungeon Overview and Level Annotations

Branches:
Dungeon (1/1)

Altars:
Makhleb


Innate Abilities, Weirdness & Mutations

You are resistant to torment.
Your stone body is resilient (AC +16).
You are immune to poison.
Your large and strong wings let you fly indefinitely.
You resist negative energy.
You are resistant to electric shocks.
You can survive without breathing.
You are immune to petrification.
You are immune to rotting.


Message History

The meat berserker convulses!
The bag of meat convulses!
The bag of meat convulses! x4
The bag of meat is engulfed in roaring flames.
You hear a shout!
The destroyer blinks!
You hear a shout!
A meat berserker comes into view. It is wielding a +9 battleaxe.
A bag of meat comes into view. It is wielding a +9 war axe.
The bag of meat shouts!
You hear a shout!
The meat berserker is engulfed in roaring flames.
The bag of meat is engulfed in roaring flames.
You hear a shout! x2
The bag of meat is engulfed in roaring flames.
The bag of meat hits you with a +9 war axe.
The meat berserker hits you with a +9 battleaxe!!!
The bag of meat is engulfed in roaring flames.
You hear a shout!
The meat berserker is engulfed in roaring flames.
The meat berserker hits you with a +9 battleaxe!!!
You die...

....V.....#.#......
..................#
#.........%.....%..
#.................
........)).%......
......))o§§......
..#.)))oo§#.... ..
#..)oooO# .
...###.)).oo@###.
........###.DO......
#.......)_...V......
......#.....#.......
......#_o<.o#.......
......#.....#......#
#........_.o........
........###.....C...
...###... ..###.


You could see an eight-headed meat hydra, a destroyer, a large bag of meat
(inner flame), 2 meat berserkers and 11 bags of meat.

Vanquished Creatures
  7 ogres (D)
  22 orcs (D)
  A hill giant (D)
30 creatures vanquished.

Notes
Turn   | Place    | Note
--------------------------------------------------------------
     0 | D        | Vrock the Gargoyle Gladiator began the quest for the Orb.
     0 | D        | Reached XP level 1. HP: 12/12 MP: 1/1
     2 | D        | Noticed a bag of meat
     4 | D        | Became a worshipper of Makhleb the Destroyer
     5 | D        | Noticed a bag of meat
     5 | D        | Noticed a bag of meat
     6 | D        | Killed a bag of meat
     6 | D        | Reached skill level 11 in Fighting
     6 | D        | Reached skill level 10 in Throwing
     6 | D        | Reached skill level 15 in Dodging
     6 | D        | Reached skill level 17 in Unarmed Combat
     6 | D        | Reached XP level 2. HP: 14/29 MP: 2/2
     6 | D        | Reached XP level 3. HP: 16/34 MP: 3/3
     6 | D        | Reached XP level 4. HP: 18/40 MP: 4/4
     6 | D        | Reached XP level 5. HP: 19/44 MP: 5/5
     6 | D        | Reached XP level 6. HP: 21/49 MP: 6/6
     6 | D        | Reached XP level 7. HP: 23/54 MP: 7/7
     6 | D        | Reached XP level 8. HP: 25/60 MP: 8/8
     6 | D        | Reached XP level 9. HP: 26/64 MP: 9/9
     6 | D        | Reached XP level 10. HP: 28/69 MP: 10/10
     6 | D        | Reached XP level 11. HP: 30/74 MP: 11/11
     6 | D        | Reached XP level 12. HP: 32/80 MP: 12/12
     7 | D        | Noticed a bag of meat
     8 | D        | Killed a bag of meat
     8 | D        | Acquired Makhleb's first power
     8 | D        | Reached skill level 20 in Unarmed Combat
     8 | D        | Reached XP level 13. HP: 33/87 MP: 13/13
     9 | D        | Noticed a bag of meat
     9 | D        | Noticed a bag of meat
    10 | D        | Noticed a bag of meat
    11 | D        | Noticed a meat berserker
    11 | D        | Noticed a meat berserker
    11 | D        | Noticed a bag of meat
    12 | D        | Noticed a bag of meat
    12 | D        | Noticed a bag of meat
    13 | D        | Noticed a bag of meat
    13 | D        | Killed a bag of meat
    13 | D        | Reached skill level 21 in Unarmed Combat
    13 | D        | Gained mutation: Your large and strong wings let you fly indefinitely. [Gargoyle growth]
    13 | D        | Reached XP level 14. HP: 70/95 MP: 14/14
    13 | D        | Killed a bag of meat
    13 | D        | Acquired Makhleb's second power
    13 | D        | Reached skill level 23 in Unarmed Combat
    13 | D        | Killed a bag of meat
    13 | D        | Reached skill level 15 in Fighting
    13 | D        | Reached skill level 24 in Unarmed Combat
    13 | D        | Reached XP level 15. HP: 99/103 MP: 15/15
    13 | D        | Killed a bag of meat
    13 | D        | Acquired Makhleb's third power
    13 | D        | Reached skill level 5 in Axes
    13 | D        | Reached skill level 25 in Unarmed Combat
    14 | D        | Noticed a bag of meat
    14 | D        | Noticed a bag of meat
    15 | D        | Killed a meat berserker
    15 | D        | Reached skill level 15 in Throwing
    15 | D        | Reached skill level 27 in Unarmed Combat
    15 | D        | Reached XP level 16. HP: 107/112 MP: 16/16
    15 | D        | Killed a bag of meat
    15 | D        | Acquired Makhleb's fourth power
    15 | D        | Noticed a bag of meat
    15 | D        | Noticed a bag of meat
    16 | D        | Noticed a bag of meat
    16 | D        | Killed a bag of meat
    16 | D        | Reached skill level 1 in Armour
    16 | D        | Reached XP level 17. HP: 119/122 MP: 17/17
    16 | D        | Killed a meat berserker
    16 | D        | Reached skill level 27 in Dodging
    17 | D        | Noticed a bag of meat
    17 | D        | Noticed a meat berserker
    17 | D        | Noticed a meat berserker
    17 | D        | Killed a bag of meat
    17 | D        | Acquired Makhleb's fifth power
    17 | D        | Reached XP level 18. HP: 132/135 MP: 18/18
    17 | D        | Killed a bag of meat
    17 | D        | Reached skill level 15 in Axes
    17 | D        | Reached skill level 5 in Armour
    18 | D        | Noticed a bag of meat
    18 | D        | Noticed a meat berserker
    18 | D        | Noticed a bag of meat
    18 | D        | Noticed a bag of meat
    18 | D        | Noticed a meat berserker
    18 | D        | Killed a bag of meat
    18 | D        | Killed a meat berserker
    18 | D        | Reached XP level 19. HP: 142/150 MP: 19/19
    19 | D        | Noticed a bag of meat
    19 | D        | Noticed a bag of meat
    19 | D        | Noticed a bag of meat
    19 | D        | Noticed a bag of meat
    19 | D        | Noticed a bag of meat
    20 | D        | Noticed a bag of meat
    20 | D        | Noticed a bag of meat
    20 | D        | Noticed a bag of meat
    20 | D        | Noticed a meat berserker
    20 | D        | Killed a bag of meat
    20 | D        | Reached skill level 27 in Fighting
    20 | D        | Killed a meat berserker
    20 | D        | Reached skill level 10 in Armour
    21 | D        | Noticed a bag of meat
    21 | D        | Noticed a bag of meat
    21 | D        | Noticed a large bag of meat
    22 | D        | Noticed a meat berserker
    22 | D        | Killed a meat berserker
    22 | D        | Reached skill level 27 in Axes
    22 | D        | Reached skill level 27 in Throwing
    22 | D        | Reached skill level 15 in Armour
    22 | D        | Reached XP level 20. HP: 157/157 MP: 20/20
    22 | D        | Killed a meat berserker
    22 | D        | Killed a bag of meat
    22 | D        | Reached skill level 27 in Armour
    22 | D        | Killed a bag of meat
    22 | D        | Reached skill level 10 in Stealth
    22 | D        | Reached XP level 21. HP: 163/163 MP: 20/32
    23 | D        | Killed a bag of meat
    23 | D        | Killed a bag of meat
    23 | D        | Reached skill level 15 in Invocations
    23 | D        | Killed a bag of meat
    23 | D        | Reached skill level 15 in Spellcasting
    24 | D        | Noticed a large bag of meat
    25 | D        | Killed a bag of meat
    25 | D        | Killed a bag of meat
    26 | D        | Killed a bag of meat
    26 | D        | Reached XP level 22. HP: 169/169 MP: 20/45
    26 | D        | Killed a meat berserker
    26 | D        | Killed a bag of meat
    26 | D        | Reached skill level 27 in Stealth
    26 | D        | Killed a bag of meat
    26 | D        | Killed a large bag of meat
    26 | D        | Reached skill level 27 in Invocations
    27 | D        | Noticed an eight-headed meat hydra
    27 | D        | Noticed a destroyer
    28 | D        | Noticed a destroyer
    28 | D        | Noticed a bag of meat
    28 | D        | Noticed a bag of meat
    29 | D        | Noticed a meat berserker
    29 | D        | Noticed a bag of meat
    29 | D        | Slain by a meat berserker

Vault maps used:
D:        meatsprint

Action                   |  1- 3 |  4- 6 |  7- 9 | 10-12 | 13-15 | 16-18 | 19-21 | 22-24 || total
-------------------------+-------+-------+-------+-------+-------+-------+-------+-------++-------
Melee: Executioner's axe |     1 |       |       |     1 |     2 |     3 |     5 |       ||    12
